 Dungeon Crawl Stone Soup version 0.27.1-1-g398f81649c (webtiles) character file.

Game seed: 1116596744720707044

343 zdrol the Cutter (level 6, 0/53 HPs)
             Began as a Minotaur Fighter on Sept 8, 2021.
             Slain by an adder (2 damage)
             ... on level 4 of the Dungeon.
             The game lasted 00:13:34 (3372 turns).

zdrol the Cutter (Minotaur Fighter)                 Turns: 3372, Time: 00:13:34

Health: 0/53       AC:  8    Str: 21    XL:     6   Next: 31%
Magic:  5/5        EV:  7    Int:  5    God:
Gold:   154        SH:  9    Dex: 11    Spells: 5/5 levels left

rFire    . . .     SeeInvis .   n - +2 short sword (venom)
rCold    . . .     Faith    .   c - +0 kite shield
rNeg     . . .     Spirit   .   b - +0 scale mail
rPois    .         Reflect  .   (helmet restricted)
rElec    .         Harm     .   o - +0 cloak
rCorr    .         Rampage  .   (no gloves)
Will     .....                  (no boots)
Stlth    ..........             (no amulet)
HPRegen  0.17/turn              e - +4 ring of slaying
MPRegen  0.09/turn              (no ring)

@: lethally poisoned (0 -> -9)
A: horns 2, retaliatory headbutt
a: no special abilities


You were on level 4 of the Dungeon.
You visited 1 branch of the dungeon, and saw 4 of its levels.

You collected 178 gold pieces.
You spent 24 gold pieces at shops.

Inventory:

Hand Weapons
 a - a +0 flail
 l - a +2 short sword of electrocution
 n - a +2 short sword of venom (weapon)
Missiles
 m - 32 poisoned darts (quivered)
Armour
 b - a +0 scale mail (worn)
 c - a +0 kite shield (worn)
 o - a +0 cloak (worn)
Jewellery
 e - a +4 ring of slaying (left hand)
Scrolls
 f - a scroll of enchant weapon
 h - 2 scrolls of vulnerability
 k - a scroll of amnesia
 r - 2 scrolls of teleportation
Potions
 d - a potion of might
 g - a potion of flight {unknown}
 i - 2 potions of resistance {unknown}
 j - a potion of curing
 p - a potion of attraction {unknown}
 q - a potion of heal wounds {unknown}


   Skills:
 - Level 4.3 Fighting
 * Level 4.8 Short Blades
 - Level 4.1 Maces & Flails
 - Level 4.2 Armour
 - Level 4.4 Shields


You had 5 spell levels left.
You didn't know any spells.
Your spell library contained the following spells:

 Spells                   Type           Power      Damage    Failure   Level
 Shock                    Conj/Air       0%         1d3       99%         1
 Swiftness                Air            0%         N/A       100%        3
 Airstrike                Air            0%         N/A       100%        4


Dungeon Overview and Level Annotations

Branches:
Dungeon (4/15)
 Temple: D:4-7

Altars:
Vehumet

Shops:
D:1 ?


Innate Abilities, Weirdness & Mutations

You have a pair of horns on your head.
You reflexively headbutt those who attack you in melee.


Message History

The adder moves out of view.
You feel sick.
An adder comes into view.
You close the door.
You feel sick.
Something unseen opens the door.
You completely miss the gnoll. You headbutt the gnoll!
The gnoll is heavily wounded.
You feel sick.
The gnoll hits you from afar with a +1 halberd of venom!
The gnoll barely misses you.
You hit the gnoll.
You kill the gnoll!
You feel sick.
The gnoll hits you from afar with a +1 halberd of venom.
You are more poisoned.
You closely miss the adder.
You feel very sick. The gnoll hits you but does no damage.
You are lethally poisoned!
The adder bites you but does no damage. You block the adder's attack.
Your shield prevents you from hitting the adder.
Your headbutt misses the adder.
* * * LOW HITPOINT WARNING * * *
You feel very sick. You block the adder's attack.
The adder bites you but does no damage.
The gnoll hits you from afar with a +1 halberd of venom!
* * * LOW HITPOINT WARNING * * *
You are more poisoned.
The adder bites you but does no damage. You block the adder's attack.
Welcome back, zdrol the Minotaur Fighter.
Press ? for a list of commands and other information.
You feel better. The gnoll barely misses you. You block the adder's attack.
The adder bites you.
* * * LOW HITPOINT WARNING * * *
Unknown command.
You barely miss the adder.
The gnoll hits you from afar with a +1 halberd of venom.
* * * LOW HITPOINT WARNING * * *
You are lethally poisoned!
The adder bites you.
You die...

#.# #.# #.# #.# #.# #
#######.##############
.
......................
. ...............##
#########.######@S#
##.....##.# ##S#
##.....##.#


gg.. ##.....##.# #...... ##.....##.######.......# ...............+.......#
..........######.......# ##.....#### ####+#### ####### You could see a gnoll and
2 adders.

Vanquished Creatures
  3 orc priests (D:3)
  Natasha (twice) (D:3)
  An orc wizard (D:3)
  5 gnolls
  5 adders
  An ufetubus (D:3)
  3 worms (D:3)
  2 dart slugs (D:1)
  5 orcs (D:3)
  8 endoplasms
  A giant cockroach (D:1)
  5 goblins
  4 hobgoblins
  2 jackals (D:2)
  7 kobolds
  4 quokkas
  9 ball pythons
  5 bats
  3 frilled lizards
75 creatures vanquished.

Notes
Turn   | Place    | Note
-------+----------+-------------------------------------------
     0 | D:1      | zdrol the Minotaur Fighter began the quest for the Orb.
     0 | D:1      | Reached XP level 1. HP: 19/19 MP: 0/0
   138 | D:1      | Found Zin Uvydd's Magic Scroll Emporium.
   144 | D:1      | Bought a scroll of identify for 24 gold pieces
   180 | D:1      | Found a faded altar of an unknown god.
   185 | D:1      | Reached XP level 2. HP: 27/27 MP: 1/1
   213 | D:1      | Became a worshipper of Vehumet
   213 | D:1      | Reached * piety under Vehumet
   213 | D:1      | Offered knowledge of Sandblast by Vehumet.
   214 | D:1      | Fell from the grace of Vehumet
   459 | D:2      | Reached XP level 3. HP: 33/33 MP: 2/2
  1250 | D:2      | Reached XP level 4. HP: 34/40 MP: 3/3
  2254 | D:3      | Reached skill level 1 in Short Blades
  2327 | D:3      | Reached XP level 5. HP: 40/47 MP: 4/4
  2863 | D:3      | Noticed Natasha
  2870 | D:3      | Killed Natasha
  2981 | D:3      | Noticed Natasha
  2986 | D:3      | Killed Natasha
  2987 | D:3      | Reached XP level 6. HP: 53/53 MP: 5/5
  3372 | D:4      | HP: 2/53 [gnoll (6)]
  3372 | D:4      | Slain by an adder

Illustrated notes

Levels and vault maps discovered:
D:1:      onia_arrival_pyramid, layout_basic, serial_shops, nicolae_shop_stone,
          chequers_ecumenical_altar_island, minmay_split_cup_small
D:2:      kennysheep_six_static_rooms, layout_basic
D:3:      layout_rooms, serial_curves, eino_curves_04, eino_curves_02,
          eino_curves_01, eino_curves_01, grunt_decor_junction, uniq_natasha
D:4:      layout_basic

Skill      XL: |  1  2  3  4  5 |
---------------+----------------+-----
Maces & Flails | 3 4 |  4.1
Fighting       | 4 |  4.3
Shields        | 4 |  4.4
Armour         | 4 |  4.2
Short Blades   | 2 4 |  4.8

Action                   |  1- 3 |  4- 6 || total
-------------------------+-------+-------++-------
Melee: Flail             |    42 |    21 ||    63
       Headbutt          |     6 |    17 ||    23
       Short sword       |       |    65 ||    65
Throw: Dart              |       |     5 ||     5
Invok: Renounce Religion |     1 |       ||     1
  Use: Scroll            |     4 |     2 ||     6
       Potion            |       |     1 ||     1
Armor: Scale mail        |    33 |    33 ||    66
Dodge: Dodged            |    24 |    23 ||    47
Block: Kite shield       |    28 |    47 ||    75
